 Dungeon Crawl Stone Soup version 0.27-a0-1188-g73eefd5def (webtiles) character file.

Game seed: 12435920372871002305

1065 PewDiePie the Chopper (level 8, -4/70 HPs)
             Began as a Minotaur Berserker on May 21, 2021.
             Was a Believer of Trog.
             Slain by an ogre
             ... wielding a +0 giant club
              (14 damage)
             ... on level 6 of the Dungeon.
             The game lasted 00:08:06 (6847 turns).

PewDiePie the Chopper (Minotaur Berserker)          Turns: 6847, Time: 00:08:06

Health: -4/70      AC: 19    Str: 23    XL:     8   Next: 6%
Magic:  7/7        EV:  8    Int:  4    God:    Trog [**....]
Gold:   70         SH:  0    Dex: 11    Spells: 7/7 levels left

rFire    . . .     SeeInvis .   s - +0 flail (protect)
rCold    . . .     Faith    .   (no shield)
rNeg     . . .     Spirit   .   j - +0 plate armour
rPois    .         Reflect  .   (helmet restricted)
rElec    .         Harm     .   (no cloak)
rCorr    .         Rampage  .   (no gloves)
Will     .....                  (no boots)
Stlth    ..........             (no amulet)
HPRegen  0.21/turn              (no ring)
MPRegen  0.10/turn              (no ring)

@: under a protective aura, on berserk cooldown, slowed, very slow
A: horns 2, retaliatory headbutt
a: Renounce Religion, Berserk, Trog's Hand


You were on level 6 of the Dungeon.
You worshipped Trog.
Trog was pleased with you.
You visited 1 branch of the dungeon, and saw 6 of its levels.

You collected 247 gold pieces.
You spent 177 gold pieces at shops.

Inventory:

Hand Weapons
 a - a +0 hand axe
 k - a +0 war axe
 o - a +2 dagger of speed
 s - a +0 flail of protection (weapon)
 v - a +0 giant spiked club
Missiles
 w - a throwing net
Armour
 b - a +0 animal skin
 j - a +0 plate armour (worn)
Jewellery
 f - a ring of fire
Wands
 p - a wand of flame (24)
Scrolls
 e - 5 scrolls of teleportation
 m - 2 scrolls of enchant armour {unknown}
 n - a scroll of summoning {unknown}
 t - a scroll of noise {unknown}
 u - a scroll of identify
 x - 2 scrolls of holy word {unknown}
 y - a scroll of enchant weapon {unknown}
 z - a scroll of magic mapping {unknown}
Potions
 c - 3 potions of curing
 d - 2 potions of heal wounds
 g - a potion of attraction
 h - 2 potions of flight
 i - a potion of ambrosia {unknown}
 l - a potion of mutation {unknown}
 q - a potion of brilliance {unknown}
 r - a potion of degeneration {unknown}


   Skills:
 + Level 5.9 Fighting
 + Level 6.6(7.6) Axes
 + Level 5.6(7.1) Maces & Flails
 + Level 5.1 Armour
 + Level 4.2 Dodging
 + Level 1.1 Stealth


You had 7 spell levels left.
You didn't know any spells.
Your spell library was empty.

Dungeon Overview and Level Annotations

Branches:
Dungeon (6/15)             Temple (0/1) D:4

Altars:
Cheibriados
Dithmenos
Gozag
Qazlal
Trog
Zin

Shops:
D:1 ?   D:3 (   D:5 =**(*


Innate Abilities, Weirdness & Mutations

You have a pair of horns on your head.
You reflexively headbutt those who attack you in melee.


Message History

You kill the orc wizard!
Trog accepts your kill.
Trog appreciates your killing of a magic user.
The orc hits you but does no damage.
You sock the orc!
Your weapon exudes an aura of protection.
You kill the orc!
Trog accepts your kill.
An ogre comes into view. It is wielding a +0 giant club.
You closely miss the orc.
The ogre shouts!
You hear an angry growl.
The orc hits you but does no damage. The orc closely misses you.
You sock the orc!
You kill the orc!
Trog accepts your kill. The orc hits you but does no damage.
Items here: ))) [[.
You feel a strong urge to attack something.
The orc hits you but does no damage.
You are no longer berserk.
You are exhausted.
You feel yourself slow down. The orc barely misses you.
You hit the orc.
The orc is severely wounded.
The orc hits you but does no damage.
You sock the orc!
You kill the orc!
Trog accepts your kill.
You sock the ogre!
The ogre is moderately wounded.
The ogre hits you with a +0 giant club!
* * * LOW HITPOINT WARNING * * *
You sock the ogre!
The ogre is severely wounded.
The ogre hits you with a +0 giant club.
* * * LOW HITPOINT WARNING * * *
You hit the ogre.
The ogre is almost dead.
The ogre closely misses you. The ogre hits you with a +0 giant club!
You die...

#......##.#. .....#
#......#..#. ....#
#......'..#.
...###+##......#..#. ####
#..........#+###<.#.
#.... #.......... #...#.
..O. #.......... #...#.
...#..).......##+##..#.
##'#)O@...........#..#.
#....♣≈♣######....#..#.
#...≈≈♣♣≈....#....#..#.
#..♣♣≈≈≈♣≈...#....#+##.
#..♣≈≈♣≈≈≈♣..#.........
#.≈P≈≈≈≈†≈♣..#.........
..♣P≈P♣≈≈♣≈♣♣.#.........
..P♣≈≈≈≈≈≈≈≈≈♣'.........
..♣♣≈≈≈P≈≈≈♣≈P♣..........


You could see an ogre.

Vanquished Creatures
  A water moccasin (D:5)
  A hornet zombie (D:5)
  The ghost of porpoise the Skirmisher, an amateur DsFi (D:3)
  A necrophage (D:5)
  2 ogres (D:5)
  An electric eel (D:6)
  A bullfrog zombie (D:5)
  A hound (D:4)
  2 orc priests (D:3)
  A jelly (D:6)
  A gnoll shaman (D:5)
  A bullfrog skeleton (D:5)
  An orc wizard (D:6)
  Robin (D:3)
  A howler monkey zombie (D:5)
  9 gnolls
  3 adders
  A hound simulacrum (D:3)
  2 shadow imps
  A howler monkey simulacrum (D:3)
  3 worms
  2 dart slugs (D:4)
  13 orcs
  5 ball pythons
  6 endoplasms
  A giant cockroach (D:4)
  12 goblins
  7 hobgoblins
  3 jackals
  2 quokkas (D:3)
  A ball python simulacrum (D:3)
  A bat (D:3)
  2 frilled lizards (D:1)
  A giant cockroach simulacrum (D:3)
  9 kobolds
  5 rats
106 creatures vanquished.

Vanquished Creatures (others)
  A fungus (D:2)
  7 plants
8 creatures vanquished.

Grand Total: 114 creatures vanquished

Notes
Turn   | Place    | Note
-------+----------+-------------------------------------------
     0 | D:1      | PewDiePie the Minotaur Berserker began the quest for the
                  | Orb.
     0 | D:1      | Reached XP level 1. HP: 19/19 MP: 0/0
   319 | D:1      | Reached XP level 2. HP: 23/27 MP: 1/1
   616 | D:1      | Found Uniug's Magic Scroll Emporium.
   622 | D:1      | Bought a scroll of teleportation for 30 gold pieces
   622 | D:1      | Bought a scroll of teleportation for 30 gold pieces
   774 | D:1      | Reached skill level 4 in Axes
  1055 | D:2      | HP: 2/40 [poisoned by an adder]
  1739 | D:2      | Found a faded altar of an unknown god.
  1771 | D:2      | Reached XP level 3. HP: 33/33 MP: 2/2
  1860 | D:2      | Reached XP level 4. HP: 4/41 MP: 3/3
  3411 | D:3      | Found a runed translucent gate.
  3411 | D:3      | Found a runed translucent gate.
  3415 | D:3      | Found a runed translucent gate.
  3475 | D:3      | Noticed porpoise's ghost (amateur DsFi)
  3483 | D:3      | Reached skill level 5 in Axes
  3483 | D:3      | Reached XP level 5. HP: 44/47 MP: 4/4
  3703 | D:3      | Killed porpoise's ghost
  3704 | D:3      | Reached skill level 5 in Fighting
  3704 | D:3      | Reached skill level 1 in Stealth
  3787 | D:3      | Reached ** piety under Trog
  3878 | D:3      | Found a snail-covered altar of Cheibriados.
  4002 | D:3      | Noticed Robin
  4008 | D:3      | Reached XP level 6. HP: 56/56 MP: 5/5
  4014 | D:3      | Killed Robin
  4235 | D:3      | Found Cimit's Antique Weapon Shoppe.
  4282 | D:3      | Found a bloodstained altar of Trog.
  4366 | D:3      | Bought a runed flail for 117 gold pieces
  4542 | D:4      | Noticed a water elemental
  4544 | D:4      | Found a stormy altar of Qazlal.
  4545 | D:4      | Noticed an air elemental
  4545 | D:4      | Noticed a fire elemental
  4581 | D:4      | Reached skill level 6 in Axes
  4886 | D:4      | Found a staircase to the Ecumenical Temple.
  5060 | D:5      | Entered Level 5 of the Dungeon
  5077 | D:5      | Reached skill level 1 in Maces & Flails
  5715 | D:5      | Found Reischen's Assorted Antiques.
  5771 | D:5      | Reached XP level 7. HP: 61/61 MP: 6/6
  5889 | D:5      | Found an opulent altar of Gozag.
  6070 | D:5      | Found Qerghoseu's Weapon Shop.
  6078 | D:5      | Found Seasetim's General Store.
  6117 | D:5      | Found Qucohen's General Store.
  6233 | D:5      | Found a shadowy altar of Dithmenos.
  6415 | D:5      | Found Olypn's Jewellery Shoppe.
  6614 | D:5      | Reached skill level 5 in Maces & Flails
  6618 | D:5      | Found a glowing silver altar of Zin.
  6792 | D:6      | Reached skill level 5 in Armour
  6792 | D:6      | Reached XP level 8. HP: 23/70 MP: 7/7
  6847 | D:6      | Slain by an ogre

Illustrated notes

Levels and vault maps discovered:
D:1:      roderic_chinese_lattice_arrival, layout_basic, serial_shops,
          nicolae_shop_stone, serial_curves, eino_curves_03, eino_curves_02,
          minmay_misc_feat_square, minmay_pentomino_s4
D:2:      layout_basic, shapermc_ecumenical_altar_gd
D:3:      layout_loops_ring, trog_butcher_becter, cheibrodos_worm_habitat,
          serial_shops, shop, gammafunk_ghost_icy, grunt_ministairs_15,
          uniq_robin
D:4:      layout_loops_cross, nicolae_qazlal_style_of_elements,
          minmay_temple_entry_hall
D:5:      layout_basic, grunt_gozag_statues, nicolae_overflow_hidden_temple,
          serial_shops, kennysheep_mini_moat, shop, shop_statue,
          nicolae_shop_competitors_out_of_business, shop
D:6:      layout_gridville, nicolae_hepliaklqana_hazy_memory,
          columned_hall_lemuel, serial_bayou_lake_a

Skill      XL: |  1  2  3  4  5  6  7 |
---------------+----------------------+-----
Fighting       | 4 5 |  5.9
Axes           | 4 5 6 |  6.6
Dodging        | 3 4 |  4.2
Armour         | 3 4 5 |  5.1
Stealth        | 1 |  1.1
Maces & Flails | 2 5 |  5.6

Action                   |  1- 3 |  4- 6 |  7- 9 || total
-------------------------+-------+-------+-------++-------
Melee: Hand axe          |    52 |    11 |       ||    63
       Headbutt          |    12 |    21 |    18 ||    51
       War axe           |       |    55 |       ||    55
       Flail             |       |    59 |    84 ||   143
Invok: Berserk           |     2 |     4 |     2 ||     8
  Use: Potion            |     1 |       |       ||     1
       Scroll            |       |     3 |       ||     3
 Stab: Sleeping          |       |     1 |       ||     1
Armor: Animal skin       |     3 |       |       ||     3
       Plate armour      |       |    87 |    47 ||   134
Dodge: Dodged            |    44 |    39 |    24 ||   107

Table legend: (Time is in decaauts)
 A = Elapsed time spent in this place.
 B = Non-inter-level travel time spent in this place.
 C = Inter-level travel time spent in this place.
 D = Time resting spent in this place.
 E = Time spent auto-exploring this place.
 F = Levels seen in this place.
 G = Mean time per level.
                   A        B        C        D        E       F      G
               +--------+--------+--------+--------+--------+-----+--------+
         Total |   6958 |   6958 |      0 |   2247 |   3848 |   6 | 1159.7 |
       Dungeon |   6958 |   6958 |      0 |   2247 |   3848 |   6 | 1159.7 |
               +--------+--------+--------+--------+--------+-----+--------+

Top non-repeatable levels by time:
     D:2: 2333 daAuts
     D:5: 1660 daAuts
     D:3: 1076 daAuts
     D:1: 1019 daAuts
     D:4: 705 daAuts
     D:6: 164 daAuts
